 Dungeon Crawl Stone Soup version 0.30-a0-1082-g70414cbcbb (webtiles) character file.

Game seed: 4246730134221734077

25 jimonade the Ducker (level 3, 0/26 HPs)
             Began as an Octopode Monk on Apr 16, 2023.
             Killed from afar by Sigmund (9 damage)
             ... with a puff of flame
             ... on level 2 of the Dungeon.
             The game lasted 00:01:03 (836 turns).

jimonade the Ducker (Octopode Monk)                  Turns: 836, Time: 00:01:03

Health: 0/26       AC:  1    Str: 12    XL:     3   Next: 4%
Magic:  3/3        EV: 14    Int: 12    God:
Gold:   96         SH:  0    Dex: 14    Spells: 2/2 levels left

rFire   . . .      SeeInvis .    a - +0 hand axe
rCold   . . .      Faith    .    c - orb {light}
rNeg    . . .      Spirit   .    (helmet restricted)
rPois   .          Reflect  .    (no amulet)
rElec   .          Rampage  .    (no ring)
rCorr   .                        (no ring)
Will    .....                    (no ring)
Stlth   +                        (no ring)
HPRegen 0.24/turn                (no ring)
MPRegen 0.08/turn                (no ring)
                                 (no ring)
                                 (no ring)

@: glowing
A: almost no armour, amphibious, 8 rings, camouflage 1, gelatinous body 1,
(nimble swimmer 1), tentacles
a: no special abilities


You were on level 2 of the Dungeon.
You visited 1 branch of the dungeon, and saw 2 of its levels.

You collected 96 gold pieces.

Inventory:

Hand Weapons
 a - a +0 hand axe (weapon)
Armour
 c - an orb of light (worn)
Magical Staves
 d - a staff of poison
Scrolls
 g - a scroll of identify {unknown}
 h - a scroll of teleportation {unknown}
 j - a scroll of blinking {unknown}
Potions
 b - 2 potions of ambrosia
 e - 2 potions of degeneration {unknown}
 f - a potion of experience {unknown}
 i - 2 potions of brilliance {unknown}


   Skills:
 + Level 3.2 Fighting
 + Level 3.1 Axes
 + Level 3.6 Dodging
 + Level 0.3 Stealth


You had 2 spell levels left.
You didn't know any spells.
Your spell library was empty.

Dungeon Overview and Level Annotations

Branches:
Dungeon (2/15)

Altars:

Annotations:
D:2 Sigmund


Innate Abilities, Weirdness & Mutations

You cannot wear most types of armour.
You are amphibious.
You can wear up to eight rings at the same time.
Your skin changes colour to match your surroundings (Stealth+).
Your rubbery body absorbs attacks. (AC +1, EV +1)
((You are camouflaged when in or above water. (Stealth+)))
You have tentacles for arms and can constrict up to eight enemies at once.


Message History

b - 2 potions of ambrosia (gained 1)
You now have 86 gold pieces (gained 17).
j - a scroll labelled IRREEH LITELEI You now have 96 gold pieces (gained 10).
You open the door.
Sigmund and a giant cockroach come into view.
Sigmund shouts!
Sigmund closely misses you.
There are monsters nearby!
There is an open door here.
You hit Sigmund. You grab Sigmund.
Sigmund is lightly wounded.
You constrict Sigmund, but do no damage.
Sigmund gestures at you while chanting.
You are confused.
Sigmund hits you with a +0 scythe.
You are too confused!
You are too confused!
You hit Sigmund.
Sigmund is lightly wounded.
You constrict Sigmund, but do no damage.
You bump into the rock wall.
You constrict Sigmund. Sigmund barely misses you.
You release your grip on Sigmund.
Sigmund casts a spell at you.
You are more confused.
Sigmund mumbles some strange words.
Sigmund flickers and vanishes for a moment.
You're too confused to move!
Sigmund misses you.
You hit Sigmund.
Sigmund is heavily wounded.
Sigmund completely misses you.
You hit Sigmund. Your squeeze misses Sigmund.
Sigmund is severely wounded.
Sigmund hits you from afar with a +0 scythe.
Sigmund hits you from afar with a +0 scythe!
The giant cockroach waves its antennae.
You feel less confused. Sigmund casts a spell at you.
The puff of flame hits you!
You die...

. ... .. ...###.
... ........ ....
#####....... .....
#.........#
......##.........#
.......'B........#
########@........#
#.@.......##.#
#...............
###.....####....
#......†......
#.##'#.#......
...##.#.# ^....
#...####'####...
#...#.......# ..
#...#.⌠...⌠(# .


You could see Sigmund (invisible) and a giant cockroach.

Vanquished Creatures
  2 worms (D:2)
  A dart slug (D:1)
  2 bats
  An endoplasm (D:2)
  3 goblins
  A hobgoblin (D:2)
  A quokka (D:1)
  A ball python (D:2)
  2 frilled lizards (D:1)
  2 kobolds (D:1)
  2 rats (D:2)
18 creatures vanquished.

Notes
Turn   | Place    | Note
-------+----------+-------------------------------------------
     0 | D:1      | jimonade the Octopode Monk began the quest for the Orb.
     0 | D:1      | Reached XP level 1. HP: 16/16 MP: 1/1
   375 | D:1      | Reached XP level 2. HP: 19/21 MP: 2/2
   793 | D:2      | Reached XP level 3. HP: 21/26 MP: 3/3
   821 | D:2      | Noticed Sigmund
   836 | D:2      | Killed from afar by Sigmund

Illustrated notes

Levels and vault maps discovered:
D:1:      lightli_arrival_statuegarden, layout_loops_cross
D:2:      minmay_general_purpose_star, layout_basic, minivault_11,
          minmay_misc_feat_tiny, minmay_fountain_box, minmay_misc_feat_enclosed,
          uniq_sigmund

Action                     || total
---------------------------++-------
  Melee: Hand axe          ||    39
         Constrict         ||    15
         Tentacles         ||    10
   Stab: Sleeping          ||     1
  Dodge: Dodged            ||    25

Table legend: (Time is in decaauts)
 A = Elapsed time spent in this place.
 B = Non-inter-level travel time spent in this place.
 C = Inter-level travel time spent in this place.
 D = Time resting spent in this place.
 E = Time spent auto-exploring this place.
 F = Levels seen in this place.
 G = Mean time per level.
                   A        B        C        D        E       F      G
               +--------+--------+--------+--------+--------+-----+--------+
         Total |    841 |    781 |     60 |      0 |    647 |   2 |  420.5 |
       Dungeon |    841 |    781 |     60 |      0 |    647 |   2 |  420.5 |
               +--------+--------+--------+--------+--------+-----+--------+

Top non-repeatable levels by time:
     D:1: 693 daAuts
     D:2: 148 daAuts
